 Dungeon Crawl Stone Soup version 0.28-a0-1629-gf728b707aa (webtiles) character file.

Game seed: 5333465965835785914

2283 lonewolfV2 the Slasher (level 9, -6/46 HPs)
             Began as a Vine Stalker Fighter on Jan 24, 2022.
             Was an Initiate of Ashenzari.
             Splashed by a jelly's acid (7 damage)
             ... on level 7 of the Dungeon.
             The game lasted 00:13:46 (5183 turns).

lonewolfV2 the Slasher (Vine Stalker Fighter)       Turns: 5183, Time: 00:13:47

Health: -6/46      AC:  9    Str: 23    XL:     9   Next: 39%
Magic:  0/10       EV:  7    Int: 12    God:    Ashenzari [......]
Gold:   743        SH:  9    Dex: 20    Spells: 8/8 levels left

rFire   . . .      SeeInvis .   m - +7 Throatcutter {drain, coup de grace}
rCold   + . .      Faith    .   c - +3 buckler
rNeg    . . .      Spirit   +   k - +1 plate armour "Zaigo" {Regen+ Int+4 Dex+6}
rPois   .          Reflect  .   (no helmet)
rElec   .          Harm     .   (no cloak)
rCorr   .          Rampage  .   (no gloves)
Will    +....                   (no boots)
Stlth   ..........              (no amulet)
HPRegen 1.75/turn               j - ring of protection from cold
MPRegen 0.12/turn               (no ring)

@: lethally poisoned (-6 -> -6), about to teleport, corroded, hasted, very quick
A: fangs 3, regeneration 1, magic shield, antimagic bite, no potion heal 2
a: Renounce Religion, Curse Item


You were on level 7 of the Dungeon.
You worshipped Ashenzari.
Ashenzari was noncommittal.
You visited 1 branch of the dungeon, and saw 7 of its levels.

You collected 743 gold pieces.

Inventory:

Hand Weapons
 a - a +0 war axe
 d - a +3 war axe
 m - the +7 Throatcutter (weapon) {drain, coup de grace}
   (You found it on level 3 of the Dungeon)

   A truly terrible weapon, it drains the life of any living foe it strikes.
   It may instantly kill foes which have little health.
Armour
 b - a +1 scale mail
 c - a +3 buckler (worn)
 k - the +1 plate armour "Zaigo" (worn) {Regen+ Int+4 Dex+6}
   (You found it on level 3 of the Dungeon)

   Int:       It affects your intelligence (+4).
   Dex:       It affects your dexterity (+6).
   Regen:     It increases your rate of health regeneration.
Jewellery
 j - a ring of protection from cold (left hand)
Scrolls
 e - a scroll of teleportation
 o - a scroll of noise {unknown}
Potions
 f - 2 potions of heal wounds
 g - 3 potions of curing
 h - a potion of brilliance
 i - 2 potions of lignification


   Skills:
 + Level 4.9 Fighting
 + Level 7.1 Long Blades
 + Level 3.0 Axes
 + Level 5.5 Armour
 + Level 1.2 Dodging
 + Level 1.2 Stealth
 + Level 4.2 Shields
 + Level 1.2 Evocations


You had 8 spell levels left.
You didn't know any spells.
Your spell library contained the following spells:

 Spells                   Type           Power      Damage    Failure   Level
 Magic Dart               Conj           0%         1d3       100%        1
 Searing Ray              Conj           0%         2d4       100%        2
 Static Discharge         Conj/Air       0%         N/A       100%        2
 Tukima's Dance           Hex            0%         N/A       100%        3
 Fulminant Prism          Conj/Hex       0%         3d6       100%        4
 Passage of Golubria      Tloc           0%         N/A       100%        4
 Lightning Bolt           Conj/Air       0%         1d11      100%        5
 Yara's Violent Unravell  Hex/Tmut       0%         3d3       100%        5
 Maxwell's Capacitive Co  Air            0%         ∞         100%        8


Dungeon Overview and Level Annotations

Branches:
Dungeon (7/15)             Temple (0/1) D:6

Altars:
Ashenzari
Cheibriados
Hepliaklqana
Nemelex Xobeh
Okawaru
Zin

Shops:
D:3 (


Innate Abilities, Weirdness & Mutations

You have razor-sharp teeth.
Your natural rate of healing is unusually fast.
When hurt, damage is shared between your health and your magic reserves.
Your bite disrupts and absorbs the magic of your enemies.
Potions cannot restore your health.


Message History

The killer bee stings you but does no damage. x2
The killer bee stings you.
* * * LOW HITPOINT WARNING * * *
The killer bee closely misses you. The jelly hits you but does no damage.
You cannot be healed by potions.
Your system rejects the healing.
You feel better.
The killer bee stings you but does no damage.
The killer bee barely misses you. The killer bee stings you.
The killer bee barely misses you. You block the killer bee's attack. x2
The jelly hits you but does no damage.
It was a potion of haste.
You feel yourself speed up. The killer bee stings you.
* * * LOW HITPOINT WARNING * * *
The killer bee closely misses you. x2; The killer bee barely misses you.
You block the killer bee's attack. The killer bee stings you.
* * * LOW HITPOINT WARNING * * *
The jelly hits you.
* * * LOW HITPOINT WARNING * * *
The acid corrodes you!
You are splashed with acid!
* * * LOW HITPOINT WARNING * * *
It was a potion of magic.
Magic courses through your body. The killer bee barely misses you.
The killer bee closely misses you. You block the killer bee's attack.
The jelly hits you but does no damage. You block the killer bee's attack.
The killer bee stings you.
You are poisoned.
The killer bee poisons you!
Okay, then.
As you read the scroll of teleportation, it crumbles to dust.
You feel strangely unstable.
* * * LOW HITPOINT WARNING * * *
You feel sick. The killer bee barely misses you.
You block the killer bee's attack.
The killer bee stings you but does no damage. x2
You hit the killer bee. Your bite misses the killer bee.
The killer bee is moderately wounded.
The killer bee stings you!
* * * LOW HITPOINT WARNING * * *
You block the killer bee's attack. The killer bee barely misses you.
The jelly hits you.
You are splashed with acid!
You die...

### ....
.....########
.......yy...###
.......@yy...!.
.....#J####....
##. #. . #. ##


You could see a jelly and 4 killer bees.

Vanquished Creatures
  Pikel (D:5)
  Grinder (D:5)
  The ghost of Cancer the Digger, an amateur GrEE (D:4)
  Duvessa (D:4)
  2 ice beasts (D:6)
  An ogre (D:4)
  A black bear (D:5)
  A phantom (D:5)
  2 lemures (D:5)
  2 scorpions
  Dowan (D:4)
  A killer bee (D:7)
  A bullfrog zombie (D:4)
  A centaur zombie (D:4)
  5 hounds
  3 jellies (D:6)
  An orc priest (D:4)
  2 bullfrog skeletons (D:4)
  Jessica (D:3)
  An iguana (D:6)
  3 orc wizards
  A killer bee zombie (D:5)
  2 howler monkey zombies
  6 adders
  A white imp (D:5)
  An ufetubus (D:6)
  3 adder skeletons
  2 adder zombies (D:2)
  A worm (D:3)
  A dart slug (D:2)
  18 orcs
  3 ball pythons
  6 bats
  2 bat skeletons (D:2)
  2 bat zombies (D:2)
  5 endoplasms
  6 giant cockroaches
  6 goblins
  8 hobgoblins
  10 jackals
  2 quokkas
  2 ball python skeletons (D:2)
  A ball python zombie (D:2)
  2 frilled lizards
  A giant cockroach zombie (D:2)
  7 kobolds
  A quokka skeleton (D:2)
  8 rats
141 creatures vanquished.

Vanquished Creatures (others)
  6 withered plants (D:2)
6 creatures vanquished.

Grand Total: 147 creatures vanquished

Notes
Turn   | Place    | Note
-------+----------+-------------------------------------------
     0 | D:1      | lonewolfV2 the Vine Stalker Fighter began the quest for the
                  | Orb.
     0 | D:1      | Reached XP level 1. HP: 11/11 MP: 2/2
    49 | D:1      | Reached XP level 2. HP: 2/16 MP: 3/3
  1039 | D:1      | Found a faded altar of an unknown god.
  1342 | D:2      | Reached XP level 3. HP: 15/19 MP: 4/4
  1880 | D:2      | Gained mutation: Your natural rate of healing is unusually
                  | fast. [Vine Stalker growth]
  1880 | D:2      | Reached XP level 4. HP: 22/24 MP: 3/5
  2383 | D:3      | Found the +7 Throatcutter {drain, coup de grace}
  2616 | D:3      | Reached XP level 5. HP: 28/28 MP: 4/6
  2667 | D:3      | Found Luaxzijat's Weapon Boutique.
  2732 | D:3      | Identified the +1 plate armour "Zaigo" {Regen+ Int+4 Dex+6}
  2778 | D:3      | Noticed Jessica
  2784 | D:3      | Killed Jessica
  2942 | D:3      | Reached skill level 1 in Long Blades
  3013 | D:4      | Identified a scroll of acquirement
  3013 | D:4      | Acquired 447 gold pieces
  3022 | D:4      | Noticed an ogre
  3030 | D:4      | Killed an ogre
  3031 | D:4      | Reached XP level 6. HP: 31/32 MP: 7/7
  3034 | D:4      | Reached skill level 2 in Long Blades
  3222 | D:4      | Found a transporter.
  3222 | D:4      | Noticed Cancer's ghost (amateur GrEE)
  3247 | D:4      | Found a transporter.
  3253 | D:4      | Reached skill level 3 in Long Blades
  3257 | D:4      | Reached XP level 7. HP: 37/37 MP: 8/8
  3271 | D:4      | Killed Cancer's ghost
  3272 | D:4      | Reached skill level 1 in Dodging
  3272 | D:4      | Reached skill level 1 in Stealth
  3529 | D:4      | Reached skill level 4 in Long Blades
  3554 | D:4      | Noticed Dowan
  3555 | D:4      | Noticed Duvessa
  3563 | D:4      | Killed Duvessa
  3568 | D:4      | Killed Dowan
  3569 | D:4      | Gained mutation: You have razor-sharp teeth. [Vine Stalker
                  | growth]
  3569 | D:4      | Reached XP level 8. HP: 33/42 MP: 7/9
  3572 | D:4      | Reached skill level 1 in Evocations
  3694 | D:4      | Found a glowing silver altar of Zin.
  3857 | D:5      | Entered Level 5 of the Dungeon
  3974 | D:5      | Noticed Pikel
  3987 | D:5      | Killed Pikel
  3988 | D:5      | Reached skill level 5 in Long Blades
  3988 | D:5      | Reached skill level 5 in Armour
  3995 | D:5      | Reached skill level 6 in Long Blades
  4084 | D:5      | Found a hazy altar of Hepliaklqana.
  4097 | D:5      | Found an iron altar of Okawaru.
  4098 | D:5      | Found a sparkling altar of Nemelex Xobeh.
  4098 | D:5      | Found a snail-covered altar of Cheibriados.
  4098 | D:5      | Noticed Grinder
  4099 | D:5      | Found a broken altar of Ashenzari.
  4108 | D:5      | Killed Grinder
  4109 | D:5      | Reached XP level 9. HP: 27/46 MP: 4/10
  4139 | D:5      | Became a worshipper of Ashenzari the Shackled
  4335 | D:6      | Found a staircase to the Ecumenical Temple.
  4793 | D:6      | Reached skill level 7 in Long Blades
  5180 | D:7      | HP: 1/46 [acid (6)]
  5183 | D:7      | Splashed by a jelly's acid

Illustrated notes

Levels and vault maps discovered:
D:1:      nzn_arrival_settlement, layout_basic,
          hellmonk_ecumenical_altar_arch_garden
D:2:      layout_loops_ring, serial_undead, serial_undead_a, serial_undead_b,
          serial_undead_b, serial_undead_a, serial_undead_a, serial_undead_d,
          chequers_serial_rivers_micro_b
D:3:      layout_basic, serial_shops, shop, uniq_jessica
D:4:      layout_gridville, zin_scriptorium, gammafunk_ghost_mausoleum,
          minivault_14, minmay_tree_intersection, hangedman_glass_teeth,
          uniq_duvessa
D:5:      layout_rooms, grunt_temple_overflow_open, uniq_pikel, uniq_grinder
D:6:      layout_layer_cave, minmay_temple_entry_arrows, minmay_quadrilaterals
D:7:      layout_loops_ring, minivault_4, hangedman_decor_peaks_small,
          uniq_menkaure

Skill      XL: |  1  2  3  4  5  6  7  8  9 |
---------------+----------------------------+-----
Axes           | 2 3 |  3.0
Shields        | 3 4 |  4.2
Fighting       | 3 4 |  4.9
Armour         | 3 4 5 |  5.5
Long Blades    | 1 3 4 6 7 |  7.1
Dodging        | 1 |  1.2
Stealth        | 1 |  1.2
Evocations     | 1 |  1.2

Action                   |  1- 3 |  4- 6 |  7- 9 || total
-------------------------+-------+-------+-------++-------
Melee: War axe           |    93 |    27 |       ||   120
       Bite              |    17 |    18 |    32 ||    67
       Long sword        |       |    74 |   115 ||   189
Evoke: Wand              |       |     5 |       ||     5
  Use: Scroll            |       |     5 |     8 ||    13
       Potion            |       |     3 |     3 ||     6
Armor: Scale mail        |    70 |    40 |       ||   110
       Plate armour      |       |    25 |    91 ||   116
       Skin              |       |     6 |       ||     6
Dodge: Dodged            |    82 |    43 |    55 ||   180
Block: Buckler           |    35 |    33 |    43 ||   111

Table legend: (Time is in decaauts)
 A = Elapsed time spent in this place.
 B = Non-inter-level travel time spent in this place.
 C = Inter-level travel time spent in this place.
 D = Time resting spent in this place.
 E = Time spent auto-exploring this place.
 F = Levels seen in this place.
 G = Mean time per level.
                   A        B        C        D        E       F      G
               +--------+--------+--------+--------+--------+-----+--------+
         Total |   5293 |   5122 |    171 |    798 |   3125 |   7 |  756.1 |
       Dungeon |   5293 |   5122 |    171 |    798 |   3125 |   7 |  756.1 |
               +--------+--------+--------+--------+--------+-----+--------+

Top non-repeatable levels by time:
     D:1: 1266 daAuts
     D:2: 1139 daAuts
     D:4: 893 daAuts
     D:6: 880 daAuts
     D:3: 659 daAuts
     D:5: 443 daAuts
     D:7: 10 daAuts
